Map: [ESL] Hecate

Players

Spirit

  • Race: Terran Terran
  • Spawn Location: 7:00

Clem - Winner!

  • Race: Terran Terran
  • Spawn Location: 1:00

Event: ESL SC2 Masters 2023 Winter (Regional)

VOD

Have the link to the VOD?

Description

Time

  • Played on: Nov. 12, 2023, 10:40 a.m.
  • Length: 9:11

All games in this series

Show
View Real Time Build Order
Export as new Build Order

Spirit Terran 

Build Orders: Cyclone Opening, Reaper Expand 

Get SALT Encoding   

  12  0:00  SCV  
  13  0:12  SCV  
  14  0:16  Supply Depot  
  14  0:24  SCV  
  15  0:38  SCV  
  15  0:39  Barracks  
  16  0:43  Refinery  
  16  0:50  SCV  
  17  1:02  SCV  
  18  1:14  SCV  
  19  1:27  Orbital Command, Reaper  
  20  1:39  Command Center  
  20  1:50  Supply Depot  
  20  1:52  SCV  
  21  1:58  Marine  
  22  2:04  SCV  
  22  2:06  Factory  
  23  2:13  Refinery  
  23  2:16  SCV  
  23  2:18  Marine  
  25  2:27  Bunker  
  25  2:29  SCV  
  26  2:37  Barracks Reactor  
  26  2:41  SCV  
  27  2:50  Cyclone  
  29  2:51  Orbital Command  
  29  2:53  SCV  
  30  3:00  Starport  
  30  3:05  SCV  
  31  3:10  Refinery  
  31  3:14  Marine  
  31  3:17  SCV  
  33  3:20  Marine  
  33  3:22  Cyclone, SCV  
  37  3:29  SCV  
  37  3:30  Supply Depot  
  38  3:34  Marine, SCV  
  38  3:37  Starport Tech Lab  
  38  3:39  Marine  
  41  3:41  SCV  
  42  3:52  Marine, SCV  
  42  3:53  SCV  
  47  3:58  Marine  
  45  4:04  SCV  
  45  4:05  SCV  
  45  4:06  Raven  
  49  4:10  Interference Matrix  
  49  4:16  SCV  
  50  4:17  SCV, Supply Depot  
  51  4:25  Factory Tech Lab  
  51  4:28  SCV  
  51  4:30  Command Center, SCV  
  51  4:40  SCV  
  51  4:41  Raven  
  51  4:42  SCV  
  55  4:49  Stimpack, Factory Reactor  
  55  4:50  Barracks  
  55  4:52  SCV  
  56  4:54  SCV  
  56  4:56  Barracks  
  56  4:59  Supply Depot  
  57  5:04  SCV  
  57  5:06  SCV  
  59  5:07  Engineering Bay  
  59  5:09  Engineering Bay  
  59  5:13  Refinery  
  59  5:17  SCV  
  59  5:19  Marine  
  59  5:20  SCV  
  62  5:25  Starport Reactor, Supply Depot  
  62  5:29  SCV  
  62  5:35  Terran Infantry Weapons Level 1, Terran Infantry Armor Level 1  
  64  5:37  Marine x3  
  64  5:40  Siege Tank  
  64  5:42  SCV  
  70  5:44  SCV  
  71  5:52  Marine x2  
  71  5:54  SCV  
  71  5:55  Marine x3  
  71  5:56  SCV  
  78  5:57  Supply Depot  
  78  6:04  Orbital Command  
  78  6:06  SCV  
  78  6:09  Marine, SCV  
  78  6:10  Marine  
  82  6:13  Marine  
  82  6:15  Medivac x2  
  82  6:18  SCV  
  88  6:20  Marine  
  88  6:21  Marine, SCV  
  90  6:27  Marine  
  90  6:28  Marine  
  90  6:29  Combat Shield, Supply Depot  
  90  6:30  SCV x2  
  90  6:31  Marine  
  90  6:32  Supply Depot  
  95  6:33  SCV  
  95  6:35  Supply Depot  
  95  6:38  Marine  
  97  6:41  Armory  
  97  6:42  SCV x2  
  97  6:45  SCV  
  100  6:48  Marine  
  100  6:50  Siege Tank  
  104  6:54  Barracks, SCV  
  104  6:55  Supply Depot  
  104  6:56  Barracks, Marine  
  104  6:58  SCV  
  104  6:59  Supply Depot  
  107  7:02  SCV  
  107  7:03  Marine  
  107  7:06  SCV  
  107  7:08  Sensor Tower, Marine, Refinery  
  110  7:09  Refinery  
  110  7:10  SCV  
  110  7:12  Marine  
  110  7:14  Marine  
  114  7:16  Marine  
  114  7:19  SCV  
  114  7:20  Marine  
  116  7:23  Siege Tank  
  116  7:26  Marine  
  109  7:30  Marine  
  109  7:32  Marine  
  109  7:34  Marine  
  100  7:38  Marine  
  100  7:43  Barracks Reactor x2  
  100  7:44  Marine  
  97  7:47  Marine  
  97  7:49  Medivac  
  97  7:50  Marine  
  102  7:51  Marine  
  102  7:56  Marine  
  104  8:02  Marine  
  104  8:05  Marine  
  104  8:08  Marine  
  104  8:09  Marine  
  104  8:10  Medivac  
  96  8:14  Marine  
  96  8:19  Marine x2, Medivac  
  100  8:22  Marine x2  
  100  8:23  Marine x2  
  100  8:25  Marine  
  106  8:27  Marine  
  106  8:32  Supply Depot, Marine  
  108  8:34  Supply Depot  
  108  8:37  Marine x2  
  108  8:40  Marine  
  111  8:45  Marine  
  111  8:47  Marine  
  117  8:50  Marine  
  117  8:54  Supply Depot  
  117  8:57  Supply Depot  
Show
View Real Time Build Order
Export as new Build Order

Clem Terran - Winner!

Build Orders: Gas First Reaper Expand 

Get SALT Encoding   

  12  0:00  SCV  
  13  0:12  SCV  
  14  0:17  Supply Depot  
  14  0:24  SCV  
  14  0:28  Refinery  
  15  0:38  SCV  
  16  0:44  Barracks  
  16  0:50  SCV  
  17  1:02  SCV  
  18  1:15  SCV  
  19  1:31  Orbital Command, Reaper  
  20  1:47  Command Center  
  20  1:54  Factory  
  20  1:57  SCV  
  21  2:05  Barracks Reactor  
  21  2:08  Supply Depot  
  21  2:12  SCV  
  22  2:17  Refinery  
  22  2:24  SCV  
  23  2:36  SCV  
  24  2:41  Starport  
  24  2:45  Hellion x2  
  24  2:48  SCV  
  29  2:58  Orbital Command  
  29  3:00  SCV  
  30  3:07  Hellion  
  30  3:10  Hellion  
  34  3:13  SCV  
  34  3:17  Medivac  
  37  3:22  Supply Depot  
  37  3:24  Barracks Tech Lab  
  37  3:26  SCV  
  38  3:29  SCV  
  39  3:38  SCV  
  40  3:41  SCV  
  40  3:47  Cyclone  
  43  3:50  SCV  
  43  3:52  Marine x2  
  43  3:53  Supply Depot, SCV  
  47  4:02  SCV  
  44  4:07  SCV  
  44  4:08  Command Center  
  39  4:15  Marine x2  
  41  4:17  SCV  
  41  4:19  Siege Tank, SCV  
  46  4:25  Barracks  
  46  4:30  SCV  
  47  4:31  SCV  
  47  4:32  Barracks  
  47  4:33  Marine  
  47  4:34  Marine  
  50  4:42  SCV  
  50  4:43  Supply Depot  
  50  4:44  SCV  
  52  4:51  Siege Tank  
  57  4:55  Marine x2  
  57  4:56  SCV  
  57  4:59  SCV  
  59  5:00  Barracks  
  59  5:04  Refinery  
  59  5:08  SCV  
  59  5:11  Barracks Tech Lab, SCV  
  61  5:15  Marine x2  
  61  5:16  Refinery  
  61  5:20  Orbital Command  
  61  5:21  Barracks Reactor  
  63  5:23  Siege Tank, SCV  
  63  5:24  Starport Reactor, SCV  
  68  5:31  Stimpack, Marine  
  68  5:34  Engineering Bay  
  68  5:35  SCV  
  70  5:36  Engineering Bay  
  70  5:39  Marine x2  
  70  5:41  Supply Depot  
  70  5:42  SCV  
  73  5:46  SCV  
  73  5:47  SCV  
  73  5:48  Barracks Reactor  
  75  5:52  Supply Depot, Marine  
  75  5:55  Siege Tank  
  75  5:56  Orbital Command  
  79  5:57  Marine x2  
  79  5:58  Marine  
  79  6:00  SCV  
  79  6:02  Medivac  
  85  6:05  Medivac  
  85  6:06  SCV  
  87  6:11  Terran Infantry Weapons Level 1  
  87  6:14  Terran Infantry Armor Level 1  
  87  6:15  SCV, Marine x2  
  87  6:17  Marine  
  91  6:18  SCV  
  91  6:19  Marine  
  91  6:22  SCV  
  91  6:24  Supply Depot  
  93  6:27  SCV  
  93  6:30  Siege Tank, Marine x2  
  93  6:32  SCV  
  100  6:36  Marine  
  100  6:39  Supply Depot  
  101  6:45  Marine  
  101  6:46  SCV x2, Marine x2  
  107  6:47  Supply Depot  
  107  6:51  SCV  
  108  6:55  Marine  
  108  7:01  Medivac x2, Marine, SCV x2  
  111  7:02  Supply Depot  
  111  7:03  Supply Depot, Marine x2  
  111  7:05  Marine  
  111  7:06  Supply Depot  
  117  7:09  SCV  
  117  7:10  Siege Tank  
  117  7:11  Marine  
  117  7:13  SCV  
  123  7:16  Combat Shield  
  123  7:18  Missile Turret, Supply Depot  
  123  7:19  Marine  
  123  7:20  Marine  
  125  7:26  Marine x3  
  125  7:27  Marine  
  125  7:29  Marine  
  127  7:30  SCV  
  127  7:36  Marine  
  129  7:37  Marine  
  129  7:38  Medivac x2  
  129  7:40  Refinery  
  129  7:41  Refinery  
  134  7:46  Marine, Supply Depot  
  134  7:49  Siege Tank  
  134  7:50  Marine x2  
  140  7:52  Marine x2  
  140  7:57  Supply Depot  
  141  8:01  Marine x2  
  141  8:02  Sensor Tower  
  141  8:04  SCV x2  
  145  8:12  Marine  
  146  8:14  Marine, Medivac x2  
  146  8:15  Marine  
  146  8:17  Marine  
  146  8:18  Marine  
  146  8:19  Marine  
  156  8:20  SCV x3  
  156  8:22  Armory  
  156  8:27  Supply Depot  
  159  8:30  Siege Tank  
  159  8:32  SCV x2  
  159  8:33  Marine x2  
  165  8:34  Supply Depot  
  165  8:40  Marine x2  
  165  8:46  Barracks  
  165  8:47  Supply Depot  
  165  8:48  Marine x3  
  168  8:49  Supply Depot  
  168  8:51  Marine x2  
  172  8:57  Supply Depot  
Tags
 
Add a new tag
Caveats
  • Supply blocks, unpowered buildings, or Contaminate may cause inaccurate times.
  • Supply counts are checked every 10 seconds.